 Dungeon Crawl Stone Soup version 0.30-a0-58-gc0703345a7 (webtiles) character file.

Game seed: 214326651101206613

96 MisterAzrael the Chopper (level 4, -10/35 HPs)
             Began as a Formicid Fighter on Sept 11, 2022.
             Killed by divine providence
             ... invoked by an orc priest
              (13 damage)
             ... on level 2 of the Dungeon.
             The game lasted 00:03:45 (2170 turns).

MisterAzrael the Chopper (Formicid Fighter)         Turns: 2170, Time: 00:03:45

Health: -10/35     AC:  6    Str: 22    XL:     4   Next: 98%
Magic:  4/4        EV:  9    Int:  8    God:
Gold:   135        SH:  5    Dex: 13    Spells: 3/3 levels left

rFire   . . .      SeeInvis +    a - +0 war axe
rCold   . . .      Faith    .    c - +0 buckler
rNeg    . . .      Spirit   .    b - +0 scale mail
rPois   .          Reflect  .    (helmet unavailable)
rElec   .          Harm     .    (no cloak)
rCorr   .          Rampage  .    (no gloves)
Will    .....                    (no boots)
Stlth   ..........               (no amulet)
HPRegen 0.11/turn                (no ring)
MPRegen 0.09/turn                (no ring)

@: no status effects
A: permanent stasis, dig shafts and tunnels, antennae 3, four strong arms
a: Dig, Shaft Self


You were on level 2 of the Dungeon.
You visited 1 branch of the dungeon, and saw 3 of its levels.

You collected 135 gold pieces.

Inventory:

Hand Weapons
 a - a +0 war axe (weapon)
Armour
 b - a +0 scale mail (worn)
 c - a +0 buckler (worn)
 n - a scarf of shadows
Scrolls
 e - a scroll of fog {unknown}
 g - 2 scrolls of teleportation {unknown}
 i - a scroll of amnesia {unknown}
 j - a scroll of enchant armour {unknown}
 k - a scroll of enchant weapon {unknown}
 l - a scroll of noise {unknown}
 m - a scroll of identify {unknown}
 q - a scroll of fear {unknown}
Potions
 f - a potion of mutation {unknown}
 h - a potion of curing
 o - a potion of flight {unknown}
 r - a potion of brilliance {unknown}


   Skills:
 - Level 3.2 Fighting
 * Level 4.7 Axes
 - Level 3.2 Armour
 - Level 4.0 Shields


You had 3 spell levels left.
You didn't know any spells.
Your spell library contained the following spells:

 Spells                   Type           Power      Damage    Failure   Level
 Ensorcelled Hibernation  Hex/Ice        0%         N/A       91%         2
 Spider Form              Tmut/Pois      0%         N/A       99%         3
 Anguish                  Hex/Necr       0%         N/A       100%        4


Dungeon Overview and Level Annotations

Branches:
Dungeon (3/15)

Altars:
Elyvilon
Gozag
Kikubaaqudgha


Innate Abilities, Weirdness & Mutations

You cannot be hasted, slowed, berserked, paralysed or teleported.
You can dig through walls and to a lower floor.
You have a pair of large antennae on your head. (SInv)
Your four strong arms can wield two-handed weapons with a shield.


Message History

* * * LOW HITPOINT WARNING * * *
The orc hits you from afar with a +0 trident.
* * * LOW HITPOINT WARNING * * *
The orc hits you but does no damage. x2; The orc hits you with a +0 hand axe.
* * * LOW HITPOINT WARNING * * *
You feel much better. You block the orc priest's attack.
You block the orc's attack. The orc closely misses you.
The orc hits you but does no damage. The orc hits you with a +0 hand axe.
The orc attacks as you move away! The orc hits you but does no damage. x2
The orc priest mumbles some strange prayers to Beogh against you.
Pain shoots through your body! The orc attacks as you move away!
The orc completely misses you.
The orc priest calls upon Beogh to heal the orc.
The orc's wounds heal themselves!
The orc priest attacks as you move away!
The orc priest hits you with a +0 club.
* * * LOW HITPOINT WARNING * * *
The orc attacks as you move away! The orc closely misses you.
You closely miss the orc. You slash the orc!
You kill the orc!
You hit the orc. You slash the orc!
You kill the orc!
The orc barely misses you. x2
The orc hits you from afar with a +0 trident.
* * * LOW HITPOINT WARNING * * *
The orc priest hits you but does no damage.
The orc hits you but does no damage. The orc barely misses you.
There is a stone staircase leading up here.
The orc hits you from afar with a +0 trident.
* * * LOW HITPOINT WARNING * * *
The orc closely misses you.
The orc priest casts a cantrip, but nothing happens.
You climb upwards.
There is a stone staircase leading down here.
The orc closely misses you.
The orc priest invokes the aid of Beogh against you.
Beogh smites you!
You die...

#.##..♣...÷...###.#..##.....##
..##......................###
.###.........#........##.##
......................##.#
...............##.....#..#
.###.........#.####...#.##
####.........#...##.#.#.#
##.............#o##.#.#.#
#....#.#....##.#@o....#.#
...##........#.###....#.#
.#...........#.##.......#
...##...........#.#....#####
.#.........<##.............####
............##...#............##
............##..##.............##
.............................)...
.....>...........................


You could see an orc priest and an orc.

Vanquished Creatures
  Robin (D:3)
  An adder (D:2)
  3 dart slugs
  3 orcs (D:3)
  4 ball pythons
  3 bats
  3 endoplasms
  15 goblins
  6 hobgoblins
  4 jackals (D:1)
  5 kobolds
  2 quokkas
  7 frilled lizards
  6 rats
63 creatures vanquished.

Vanquished Creatures (others)
  28 plants (D:3)
28 creatures vanquished.

Grand Total: 91 creatures vanquished

Notes
Turn   | Place    | Note
-------+----------+-------------------------------------------
     0 | D:1      | MisterAzrael the Formicid Fighter began the quest for the
                  | Orb.
     0 | D:1      | Reached XP level 1. HP: 18/18 MP: 1/1
   101 | D:1      | Reached XP level 2. HP: 9/24 MP: 2/2
   466 | D:1      | Found a faded altar of an unknown god.
   880 | D:1      | Reached XP level 3. HP: 26/29 MP: 3/3
  1346 | D:2      | Reached XP level 4. HP: 35/35 MP: 4/4
  1632 | D:3      | Found an opulent altar of Gozag.
  1715 | D:3      | Noticed Robin
  1727 | D:3      | Found an ancient bone altar of Kikubaaqudgha.
  1730 | D:3      | Killed Robin
  2093 | D:3      | Found a white marble altar of Elyvilon.
  2170 | D:2      | Killed from afar by an orc priest

Illustrated notes

Levels and vault maps discovered:
D:1:      wander_arrival_chamber, layout_basic,
          shapermc_ecumenical_altar_notcrosses, hangedman_feature_mirror
D:2:      layout_rooms, grunt_ministairs_2, minmay_misc_feat_encased
D:3:      layout_basic, mainiacjoe_overflow_cross_hatched, elyvilon_altar_3,
          mainiacjoe_overflow_alcove_1, doesnt_xom_only_xom, uniq_robin

Skill      XL: |  1  2  3 |
---------------+----------+-----
Axes           | 3 4 |  4.7
Fighting       | |  3.2
Armour         | |  3.2
Shields        | |  4.0

Action                   |  1- 3 |  4- 6 || total
-------------------------+-------+-------++-------
Melee: War axe           |    64 |    43 ||   107
  Use: Potion            |       |     4 ||     4
Armor: Scale mail        |    45 |    24 ||    69
Dodge: Dodged            |    38 |    36 ||    74
Block: Buckler           |    16 |    16 ||    32

Table legend: (Time is in decaauts)
 A = Elapsed time spent in this place.
 B = Non-inter-level travel time spent in this place.
 C = Inter-level travel time spent in this place.
 D = Time resting spent in this place.
 E = Time spent auto-exploring this place.
 F = Levels seen in this place.
 G = Mean time per level.
                   A        B        C        D        E       F      G
               +--------+--------+--------+--------+--------+-----+--------+
         Total |   2213 |   2159 |     54 |    546 |   1025 |   3 |  737.7 |
       Dungeon |   2213 |   2159 |     54 |    546 |   1025 |   3 |  737.7 |
               +--------+--------+--------+--------+--------+-----+--------+

Top non-repeatable levels by time:
     D:1: 1256 daAuts
     D:3: 564 daAuts
     D:2: 391 daAuts
